 Dungeon Crawl Stone Soup version 0.27-a0-1186-g8b4daa1eef (webtiles) character file.

Game seed: 18168631411878706503

7 Zonian the Conjurer (level 2, -1/15 HPs)
             Began as a Tengu Conjurer on May 20, 2021.
             Slain by a rat (3 damage)
             ... on level 1 of the Dungeon.
             The game lasted 00:00:26 (159 turns).

Zonian the Conjurer (Tengu Conjurer)                 Turns: 159, Time: 00:00:26

Health: -1/15      AC:  2    Str:  7    XL:     2   Next: 4%
Magic:  2/6        EV: 12    Int: 18    God:
Gold:   0          SH:  0    Dex: 12    Spells: 4/5 levels left

rFire    . . .     SeeInvis .   f - +0 short sword
rCold    . . .     Faith    .   (no shield)
rNeg     . . .     Spirit   .   a - +0 robe
rPois    .         Reflect  .   (helmet restricted)
rElec    .         Harm     .   (no cloak)
rCorr    .         Rampage  .   (no gloves)
Will     .....                  (boots unavailable)
Stlth    ++........             (no amulet)
HPRegen  0.05/turn              (no ring)
MPRegen  0.10/turn              (no ring)

@: no status effects
A: beak, talons 3
a: no special abilities


You were on level 1 of the Dungeon.
You visited 1 branch of the dungeon, and saw 1 of its levels.

Inventory:

Hand Weapons
 f - a +0 short sword (weapon)
Armour
 a - a +0 robe (worn)
Scrolls
 c - a scroll of teleportation {unknown}
 d - a scroll of immolation {unknown}
Potions
 b - a potion of might {unknown}
 e - a potion of mutation {unknown}


   Skills:
 + Level 2.3 Dodging
 + Level 2.0 Stealth
 + Level 2.0 Spellcasting
 + Level 5.8 Conjurations


You had 4 spell levels left.
You knew the following spells:

 Your Spells              Type           Power      Damage    Failure   Level
a - Magic Dart            Conj           88%        1d7       1%          1

Your spell library contained the following spells:

 Spells                   Type           Power      Damage    Failure   Level
 Searing Ray              Conj           44%        3d4       2%          2
 Dazzling Flash           Conj/Hex       24%        N/A       17%         3
 Fulminant Prism          Conj/Hex       6%         3d7       50%         4
 Iskenderun's Mystic Bla  Conj/Tloc      12%        2d5       50%         4


Dungeon Overview and Level Annotations

Branches:
Dungeon (1/15)

Altars:


Innate Abilities, Weirdness & Mutations

You have a beak for a mouth.
You have claws for feet.


Message History

The magic dart hits the kobold.
You kill the kobold!
The magic dart hits the endoplasm.
The endoplasm is moderately wounded.
You hear a shout!
A kobold comes into view. It is wielding a +0 dagger.
The magic dart hits the kobold.
You kill the kobold!
The magic dart hits the endoplasm.
The endoplasm is severely wounded.
Unknown command.
You are too depleted to draw on your mana recklessly!
You are too depleted to draw on your mana recklessly!
You are too depleted to draw on your mana recklessly!
Unknown command.
A rat comes into view.
You hit the endoplasm.
You kill the endoplasm!
You have reached level 2!
An endoplasm comes into view.
A hobgoblin comes into view.
Found a club.
The rat misses you.
You hit the rat but do no damage. The rat bites you.
You barely miss the rat. The rat bites you.
You closely miss the rat. The rat barely misses you.
Unknown command.
You barely miss the rat. The rat bites you.
The hobgoblin hits you but does no damage.
The endoplasm hits you.
You hit the endoplasm but do no damage. The rat closely misses you.
The endoplasm freezes you.
You are frozen.
The hobgoblin hits you.
* * * LOW HITPOINT WARNING * * *
You are too injured to fight recklessly!
Unknown command.
The endoplasm freezes you.
You are frozen.
* * * LOW HITPOINT WARNING * * *
The rat bites you.
You die...

#.###...# #......#.#.≈...≈.#.
#...#...######..#.#.#≈.<.≈#.#
#..............#.#.≈≈≈≈≈.#.
###.............#.#.#.#.#.#
#............#.#.#.#.#.#.
#......................##
................##........#
..♣♣♣......................#
♣........@....##........#
.........Jrg...##........#
........♣....#####........#
........♣♣....# #........#
.............###
..............##
#..............).
##......♣##...... #.....♣♣
......


You could see an endoplasm, a hobgoblin and a rat.

Vanquished Creatures
  2 endoplasms (D:1)
  3 kobolds (D:1)
  2 bats (D:1)
  A rat (D:1)
8 creatures vanquished.

Notes
Turn   | Place    | Note
-------+----------+-------------------------------------------
     0 | D:1      | Zonian the Tengu Conjurer began the quest for the Orb.
     0 | D:1      | Reached XP level 1. HP: 10/10 MP: 4/4
   145 | D:1      | Reached XP level 2. HP: 15/15 MP: 0/6
   159 | D:1      | Slain by a rat

Illustrated notes

Levels and vault maps discovered:
D:1:      ncdulo_watergridlock, layout_rooms, kennysheep_decorative_pillar

Action                   || total
-------------------------++-------
Melee: Short sword       ||     6
 Cast: Magic Dart        ||    10
Armor: Robe              ||     3
Dodge: Dodged            ||    13

Table legend: (Time is in decaauts)
 A = Elapsed time spent in this place.
 B = Non-inter-level travel time spent in this place.
 C = Inter-level travel time spent in this place.
 D = Time resting spent in this place.
 E = Time spent auto-exploring this place.
 F = Levels seen in this place.
 G = Mean time per level.
                   A        B        C        D        E       F      G
               +--------+--------+--------+--------+--------+-----+--------+
         Total |    160 |    160 |      0 |      0 |    106 |   1 |  160.0 |
       Dungeon |    160 |    160 |      0 |      0 |    106 |   1 |  160.0 |
               +--------+--------+--------+--------+--------+-----+--------+

Top non-repeatable levels by time:
     D:1: 160 daAuts
